 Dungeon Sprint DCSS version 0.22-a0-76-gd698a02 (webtiles) character file.

59 schets the Covert (level 3, -1/16 HPs)
             Began as a Spriggan Enchanter on Jan 13, 2018.
             Splashed by an oklob sapling priest's acid (8 damage)
             ... in the Dungeon (Sprint IV: "Fedhas' Mad Dash").
             The game lasted 00:01:40 (397 turns).

schets the Covert (Spriggan Enchanter)               Turns: 397, Time: 00:01:40

Health: -1/16      AC:  2    Str:  4    XL:     3   Next: 78%
Magic:  9/9        EV: 20    Int: 17    God:
Gold:   59         SH:  0    Dex: 16    Spells: 1/10 levels left

rFire    . . .     SeeInvis +   a - +1 dagger
rCold    . . .     Gourm    .   (shield restricted)
rNeg     . . .     Faith    .   b - +0 robe
rPois    .         Spirit   .   (helmet restricted)
rElec    .         Reflect  .   (no cloak)
rCorr    .         Harm     .   (gloves unavailable)
MR       .....     NoTele   +   (boots unavailable)
Stlth    ++++......             l - amulet of invisibility {+Inv}
HPRegen  0.05/turn              (no ring)
MPRegen  0.11/turn              (no ring)

@: very slightly contaminated, very quick
A: very small, unfitting armour, see invisible, herbivore, speed 3, slow
metabolism 2
a: Evoke Invisibility


You were in the Dungeon.
You were not hungry.

You visited 1 branch You collected 59 gold pieces.

Inventory:

Hand Weapons
 a - a +1 dagger (weapon)
Armour
 b - a +0 robe (worn)
Jewellery
 l - the amulet of invisibility (around neck) {+Inv}
   (You found it in the Dungeon)

   [amulet of nothing]

   It lets you turn invisible.
Scrolls
 j - a scroll of blinking
Potions
 e - a potion of curing
 f - a potion of heal wounds
 g - a potion of haste
 h - 2 potions of magic
 i - a potion of berserk rage
 k - a potion of lignification {unknown}
Books
 c - a book of Maledictions

   Spells                             Type                      Level
   a - Corona                         Hexes                        1
   b - Ensorcelled Hibernation        Hexes/Ice                    2
   c - Confuse                        Hexes                        3
   d - Tukima's Dance                 Hexes                        3
   e - Dazzling Spray                 Conjuration/Hexes            3
Comestibles
 d - a ration


   Skills:
 - Level 1.1 Short Blades
 - Level 5.2 Dodging
 * Level 8.0 Stealth
 + Level 4.4 Spellcasting
 * Level 6.3 Hexes
 + Level 0.0 Evocations


You had one spell level left.
You knew the following spells:

 Your Spells              Type           Power        Failure   Level  Hunger
a - Corona                Hex            ####...      1%          1    None
b - Ensorcelled Hibernat  Hex/Ice        ##....       6%          2    ##.....
c - Confuse               Hex            ####....     3%          3    ###....
d - Tukima's Dance        Hex            ####....     3%          3    ###....


Dungeon Overview and Level Annotations

Branches:
Dungeon (1/1)

Altars:
Cheibriados
Dithmenos
Elyvilon
Gozag
Hepliaklqana
Kikubaaqudgha
Makhleb
Nemelex Xobeh
Okawaru
Qazlal
Ru
Sif Muna
Trog
Uskayaw
Vehumet
Wu Jian
Xom
Yredelemnul
Zin
The Shining One
Beogh
Jiyva
Lugonu

Annotations:
D exclusion: oklob sapling


Innate Abilities, Weirdness & Mutations

You are very small and have problems with some larger weapons.
You are too small for most types of armour.
You have supernaturally acute eyesight. (SInv)
You are a herbivore.
You cover ground extremely quickly.
You need consume almost no food.


Message History

Press < or > to pray at altars.
You completely miss the oklob sapling priest.
The oklob sapling priest is heavily damaged.
Unknown command.
You hit the oklob sapling priest but do no damage.
The oklob sapling priest is heavily damaged.
Unknown command.
You hit the oklob sapling priest but do no damage.
The oklob sapling priest is heavily damaged.
Unknown command.
There is an iron altar of Okawaru here.
You hit the oklob sapling priest but do no damage.
The oklob sapling priest is heavily damaged.
You flicker back into view.
The oklob sapling priest spits acid at you.
The splash of acid hits you!
Ouch! That really hurt!
You are splashed with acid!
The acid burns!
Ouch! That really hurt!
You die...

#######################
..#.....#.⌠._._._._.⌠.#
..'.#%(.'.._._._._._..+
..#.#...#..._._P@._...#
######+##.._._._._._..#
#._._._._._.⌠.#
###############


You could see an oklob sapling priest.

Vanquished Creatures
  An oklob sapling (D)
  A worker ant (D)
  A river rat (D)
  A rat (D)
4 creatures vanquished.

Notes
Turn   | Place    | Note
-------+----------+-------------------------------------------
     0 | D        | schets the Spriggan Enchanter began the quest for the Orb.
     0 | D        | Reached XP level 1. HP: 9/9 MP: 5/5
   181 | D        | Reached skill level 5 in Stealth
   181 | D        | Reached XP level 2. HP: 13/13 MP: 7/7
   185 | D        | Learned a level 2 spell: Ensorcelled Hibernation
   191 | D        | Noticed an oklob sapling
   193 | D        | Killed an oklob sapling
   193 | D        | Reached skill level 7 in Stealth
   193 | D        | Reached skill level 5 in Hexes
   193 | D        | Reached XP level 3. HP: 16/16 MP: 7/9
   198 | D        | Learned a level 3 spell: Confuse
   202 | D        | Learned a level 3 spell: Tukima's Dance
   204 | D        | Found the amulet of invisibility {+Inv}
   206 | D        | Reached skill level 5 in Dodging
   206 | D        | Reached skill level 8 in Stealth
   366 | D        | Found an opulent altar of Gozag.
   366 | D        | Found a hazy altar of Hepliaklqana.
   366 | D        | Found a burning altar of Makhleb.
   366 | D        | Found a sparkling altar of Nemelex Xobeh.
   366 | D        | Found a sacrificial altar of Ru.
   366 | D        | Found a deep blue altar of Sif Muna.
   366 | D        | Found an ornate altar of the Wu Jian Council.
   366 | D        | Found a shimmering altar of Xom.
   366 | D        | Found a basalt altar of Yredelemnul.
   367 | D        | Found a viscous altar of Jiyva.
   367 | D        | Found a roughly hewn altar of Beogh.
   367 | D        | Found a snail-covered altar of Cheibriados.
   367 | D        | Found a bloodstained altar of Trog.
   367 | D        | Noticed an oklob sapling priest
   377 | D        | Found an iron altar of Okawaru.
   377 | D        | Found a shadowy altar of Dithmenos.
   377 | D        | Found a glowing silver altar of Zin.
   378 | D        | Found an ancient bone altar of Kikubaaqudgha.
   378 | D        | Found a hide-covered altar of Uskayaw.
   379 | D        | Found a stormy altar of Qazlal.
   379 | D        | Found a white marble altar of Elyvilon.
   379 | D        | Found a glowing golden altar of the Shining One.
   380 | D        | Found a radiant altar of Vehumet.
   380 | D        | Found a corrupted altar of Lugonu.
   397 | D        | Splashed by an oklob sapling priest's acid

Vault maps used:
D:        dungeon_sprint_fedhas

Skill      XL: |  1  2  3 |
---------------+----------+-----
Stealth        | 5 7 8 |  8.0
Spellcasting   | 3 4 |  4.4
Hexes          | 4 5 6 |  6.3
Dodging        | 4 5 |  5.2
Short Blades   | |  1.1

Action                   || total
-------------------------++-------
Melee: Dagger            ||    23
 Cast: Confuse           ||     1
       Ensorcelled Hiber ||     1
 Abil: Evoke Invisibilit ||     1
 Stab: Sleeping          ||     3
       Invisible         ||     1
Armor: Robe              ||     1
Dodge: Dodged            ||     7

Table legend:
 A = Spawn XP
 B = Non-spawn XP
 C = Spawn XP percentage of total XP
 D = Spawn monster count
 E = Non-spawn monster count
 F = Spawn count percentage of total count
 G = Total turns spent on level
                    A         B        C        D         E        F      G
               +---------+---------+-------+---------+---------+-------+---------
         Total |       0 |      85 |   0.0 |       0 |       4 |   0.0 |   397
               +---------+---------+-------+---------+---------+-------+---------
             D |       0 |      85 |   0.0 |       0 |       4 |   0.0 |   397
               +---------+---------+-------+---------+---------+-------+---------
